 Dungeon Crawl Stone Soup version 0.27-a0-1191-g601b473118 (webtiles) character file.

Game seed: 8829800299296311709

99 flotson the Covert (level 4, -1/41 HPs)
             Began as a Gnoll Delver on May 24, 2021.
             Shot with a bolt by a kobold brigand (5 damage)
             ... in a sewer.
             The game lasted 00:02:52 (590 turns).

flotson the Covert (Gnoll Delver)                    Turns: 590, Time: 00:02:53

Health: -1/41      AC:  4    Str: 13    XL:     4   Next: 72%
Magic:  5/5        EV: 13    Int:  9    God:
Gold:   41         SH:  0    Dex: 13    Spells: 5/5 levels left

rFire    . . .     SeeInvis .   a - +0 spear
rCold    . . .     Faith    .   (no shield)
rNeg     . . .     Spirit   .   l - +0 leather armour
rPois    .         Reflect  .   n - +0 helmet
rElec    .         Harm     .   (no cloak)
rCorr    .         Rampage  .   (no gloves)
Will     .....                  (no boots)
Stlth    ++++......             (no amulet)
HPRegen  0.13/turn              (no ring)
MPRegen  0.09/turn              (no ring)

@: no status effects
A: fangs 1, strong nose, distributed training
a: no special abilities


You were in a sewer.
You visited 1 branch of the dungeon, and saw 2 of its levels.
You also visited: Sewer.

You collected 41 gold pieces.

Inventory:

Hand Weapons
 a - a +0 spear (weapon)
 b - a +0 hunting sling
Missiles
 h - 37 stones (quivered)
Armour
 l - a +0 leather armour (worn)
 n - a +0 helmet (worn)
Wands
 g - a wand of digging (3)
 j - a wand of mindburst (1)
Scrolls
 c - a scroll of fog
 d - 2 scrolls of magic mapping
 e - a scroll of fear
 i - a scroll of enchant armour {unknown}
 k - 3 scrolls of identify {unknown}
 m - a scroll of immolation {unknown}
 p - a scroll of silence {unknown}
Potions
 f - a potion of haste
 o - a potion of attraction {unknown}
 q - a potion of might {unknown}


   Skills:
 + Level 6.6 Fighting
 + Level 1.2 Short Blades
 + Level 1.2 Long Blades
 + Level 1.2 Axes
 + Level 1.2 Maces & Flails
 + Level 4.7 Polearms
 + Level 1.2 Staves
 + Level 1.2 Slings
 + Level 1.2 Bows
 + Level 1.2 Crossbows
 + Level 1.2 Throwing
 + Level 1.2 Armour
 + Level 4.7 Dodging
 + Level 9.6 Stealth
 + Level 1.2 Shields
 + Level 1.2 Unarmed Combat
 + Level 1.2 Spellcasting
 + Level 1.0 Conjurations
 + Level 1.0 Hexes
 + Level 1.0 Summonings
 + Level 1.0 Necromancy
 + Level 1.0 Translocations
 + Level 1.0 Transmutations
 + Level 1.0 Fire Magic
 + Level 1.0 Ice Magic
 + Level 1.0 Air Magic
 + Level 1.0 Earth Magic
 + Level 1.0 Poison Magic
 + Level 1.3 Invocations
 + Level 1.2 Evocations


You had 5 spell levels left.
You didn't know any spells.
Your spell library contained the following spells:

 Spells                   Type           Power      Damage    Failure   Level
 Sting                    Tmut/Pois      8%         1d3       30%         1
 Poisonous Vapours        Pois/Air       4%         N/A       41%         2
 Ignite Poison            Fire/Tmut/Pois 2%         N/A       65%         3
 Mephitic Cloud           Conj/Pois/Air  2%         N/A       65%         3
 Olgreb's Toxic Radiance  Pois           2%         N/A       96%         4


Dungeon Overview and Level Annotations

Branches:
Dungeon (5/15)              Sewer (1/1)
 Temple: D:4-7

Altars:

Annotations:
D:5 Ijyb


Innate Abilities, Weirdness & Mutations

You have very sharp teeth.
Your uncanny sense of smell can sniff out nearby items.
Your experience applies equally to all skills.


Message History

You enter the shallow water.
Moving in this stuff is going to be slow.
h - 37 stones (gained 1)
You enter the shallow water.
Moving in this stuff is going to be slow.
A river rat and a kobold brigand come into view.
The kobold brigand shouts!
The kobold brigand unwields a +0 short sword.
The kobold brigand wields a +1 vorpal hand crossbow.
The kobold brigand shoots a bolt.
The bolt hits you!
The kobold brigand shoots a bolt.
The bolt completely misses you.
You start resting.
A kobold brigand is nearby!
Unknown command.
Unknown command.
Reach: a) +0 spear
Press: ? - help, Dir - move target, f - you
Okay, then.
Unknown command.
Aiming: Mindburst
Press: ? - help, Shift-Dir - straight line, f - kobold brigand
Aim: a kobold brigand, wielding a +1 vorpal hand crossbow and quivering bolts (chance to affect: 71%)
The kobold brigand struggles to resist.
Aiming: Mindburst
Press: ? - help, Shift-Dir - straight line, f/p - kobold brigand
Aim: a kobold brigand, wielding a +1 vorpal hand crossbow and quivering bolts (chance to affect: 71%)
The kobold brigand struggles to resist.
The kobold brigand shoots a bolt.
The bolt hits you!
Aiming: Mindburst
Press: ? - help, Shift-Dir - straight line, f/p - kobold brigand
Aim: a kobold brigand, wielding a +1 vorpal hand crossbow and quivering bolts (chance to affect: 71%)
The kobold brigand's mind is blasted!
The kobold brigand shoots a bolt.
The bolt misses you.
Aiming: Mindburst
Press: ? - help, Shift-Dir - straight line, f/p - kobold brigand
Aim: a kobold brigand, wielding a +1 vorpal hand crossbow and quivering bolts (heavily wounded, chance to affect: 71%)
The kobold brigand struggles to resist.
The kobold brigand shoots a bolt.
The bolt hits you!
* * * LOW HITPOINT WARNING * * *
You die...

#####
#.#.#K
.#
#≈#≈#≈
≈#
#≈#≈#≈
≈#
#≈#≈#≈#r
#≈.@#≈≈≈
##≈###≈#
#≈# #≈#
#K###≈#
#≈≈≈≈≈#
##≈).##
#≈≈.#
#≈≈.#
#.≈≈## ≈


You could see a kobold brigand.

Vanquished Creatures
  An ogre (D:5)
  An adder (D:5)
  A river rat (Sewer)
  A kobold (Sewer)
4 creatures vanquished.

Notes
Turn   | Place    | Note
-------+----------+-------------------------------------------
     0 | D:5      | Reached skill level 9 in Stealth
     0 | D:5      | flotson the Gnoll Delver began the quest for the Orb.
     0 | D:5      | Reached XP level 1. HP: 23/23 MP: 1/1
    14 | D:5      | Reached XP level 2. HP: 29/29 MP: 2/2
   103 | D:5      | Noticed an ogre
   119 | D:5      | Noticed Ijyb
   299 | D:5      | Killed an ogre
   300 | D:5      | Reached skill level 1 in Short Blades
   300 | D:5      | Reached skill level 1 in Long Blades
   300 | D:5      | Reached skill level 1 in Axes
   300 | D:5      | Reached skill level 1 in Maces & Flails
   300 | D:5      | Reached skill level 1 in Staves
   300 | D:5      | Reached skill level 1 in Slings
   300 | D:5      | Reached skill level 1 in Bows
   300 | D:5      | Reached skill level 1 in Crossbows
   300 | D:5      | Reached skill level 1 in Throwing
   300 | D:5      | Reached skill level 1 in Armour
   300 | D:5      | Reached skill level 1 in Shields
   300 | D:5      | Reached skill level 1 in Unarmed Combat
   300 | D:5      | Reached skill level 1 in Spellcasting
   300 | D:5      | Reached skill level 1 in Conjurations
   300 | D:5      | Reached skill level 1 in Hexes
   300 | D:5      | Reached skill level 1 in Summonings
   300 | D:5      | Reached skill level 1 in Necromancy
   300 | D:5      | Reached skill level 1 in Translocations
   300 | D:5      | Reached skill level 1 in Transmutations
   300 | D:5      | Reached skill level 1 in Fire Magic
   300 | D:5      | Reached skill level 1 in Ice Magic
   300 | D:5      | Reached skill level 1 in Air Magic
   300 | D:5      | Reached skill level 1 in Earth Magic
   300 | D:5      | Reached skill level 1 in Poison Magic
   300 | D:5      | Reached skill level 1 in Invocations
   300 | D:5      | Reached skill level 1 in Evocations
   300 | D:5      | Reached XP level 3. HP: 35/35 MP: 2/4
   300 | D:5      | Reached XP level 4. HP: 41/41 MP: 2/5
   403 | D:4      | Found a glowing drain.
   415 | Sewer    | Entered a sewer
   573 | Sewer    | Noticed a kobold brigand
   590 | Sewer    | Shot with a bolt by a kobold brigand

Illustrated notes

Levels and vault maps discovered:
D:4:      minmay_skewed_foursquare, layout_rooms, cheibrodos_sewer_entry_sluice
D:5:      layout_basic, uniq_ijyb
Sewer:    sewer_co_tree

Skill      XL: |  1  2 |
---------------+-------+-----
Stealth        | |  9.6
Short Blades   | 1 |  1.2
Long Blades    | 1 |  1.2
Axes           | 1 |  1.2
Maces & Flails | 1 |  1.2
Staves         | 1 |  1.2
Slings         | 1 |  1.2
Bows           | 1 |  1.2
Crossbows      | 1 |  1.2
Throwing       | 1 |  1.2
Armour         | 1 |  1.2
Shields        | 1 |  1.2
Unarmed Combat | 1 |  1.2
Spellcasting   | 1 |  1.2
Conjurations   | 1 |  1.0
Hexes          | 1 |  1.0
Summonings     | 1 |  1.0
Necromancy     | 1 |  1.0
Translocations | 1 |  1.0
Transmutations | 1 |  1.0
Fire Magic     | 1 |  1.0
Ice Magic      | 1 |  1.0
Air Magic      | 1 |  1.0
Earth Magic    | 1 |  1.0
Poison Magic   | 1 |  1.0
Invocations    | 1 |  1.3
Evocations     | 1 |  1.2
Fighting       | |  6.6
Polearms       | |  4.7
Dodging        | |  4.7

Action                   |  1- 3 |  4- 6 || total
-------------------------+-------+-------++-------
Melee: Spear             |     2 |    20 ||    22
       Bite              |       |     1 ||     1
 Fire: Hunting sling     |       |    11 ||    11
Evoke: Wand              |     2 |     4 ||     6
  Use: Scroll            |       |     1 ||     1
 Stab: Sleeping          |     1 |       ||     1
Armor: Leather armour    |       |     1 ||     1
Dodge: Dodged            |       |    13 ||    13

Table legend: (Time is in decaauts)
 A = Elapsed time spent in this place.
 B = Non-inter-level travel time spent in this place.
 C = Inter-level travel time spent in this place.
 D = Time resting spent in this place.
 E = Time spent auto-exploring this place.
 F = Levels seen in this place.
 G = Mean time per level.
                   A        B        C        D        E       F      G
               +--------+--------+--------+--------+--------+-----+--------+
         Total |    616 |    608 |      8 |      7 |    313 |   3 |  205.3 |
       Dungeon |    415 |    407 |      8 |      0 |    179 |   2 |  207.5 |
         Sewer |    200 |    200 |      0 |      7 |    134 |   1 |  200.0 |
               +--------+--------+--------+--------+--------+-----+--------+

Top non-repeatable levels by time:
     D:5: 392 daAuts
   Sewer: 200 daAuts
     D:4: 23 daAuts
